 Dungeon Crawl Stone Soup version 0.29.1-15-g9cfb28693d (webtiles) character file.

Game seed: 4946149318993219217

372130 javelincjr the Warrior (level 23, -4/182 HPs)
             Began as a Djinni Conjurer on Feb 23, 2023.
             Was the Champion of Hepliaklqana.
             Slain by an ettin
             ... wielding a +0 dire flail
              (28 damage)
             ... on level 2 of the Depths on Feb 24, 2023.
             The game lasted 06:55:10 (40637 turns).

javelincjr the Warrior (Djinni Conjurer)           Turns: 40637, Time: 06:55:11

Health: -4/182     AC: 22    Str:  9    XL:     23   Next: 75%
Gold:   4204       EV: 12    Int: 38    God:    Hepliaklqana [******] SH: 20 Dex: 17

rFire   + + +      SeeInvis +   e - +0 staff of Battle
rCold   x . .      Faith    .   b - +2 tower shield
rNeg    . . .      Spirit   .   Z - +4 troll leather armour {Snorg}
rPois   ∞          Reflect  .   W - +1 hat {SInv}
rElec   .          Harm     .   F - +2 cloak {rPois}
rCorr   .          Rampage  .   P - +5 pair of gloves of Baurch {Str+2 Int+5}
Will    ++...      Clarity  +   (boots unavailable)
Stlth   +++.......              l - amulet of regeneration
HPRegen 2.00/turn               Q - ring "Ippu" {rF+ Int+3 Dex+3 SInv}
MPRegen 0.00/turn               Y - ring of wizardry

@: flying
A: reduced essence, sickness immunity, fire resistance 2, cold vulnerability 1,
float, innate caster, HP casting, extra vitality 1, horns 1, clarity, clever 1,
robust 1
}: 2/15 runes: barnacled, gossamer
a: Renounce Religion, Recall Ancestor, Ancestor Identity, Transference, Idealise


You were on level 2 of the Depths.
You worshipped Hepliaklqana.
Hepliaklqana was exalted by your worship.
You visited 8 branches of the dungeon, and saw 36 of its levels.
You also visited: Gauntlet and Wizlab.

You collected 5270 gold pieces.
You spent 1066 gold pieces at shops.

Inventory:

Hand Weapons
 e - the +0 staff of Battle (weapon)
   (You acquired it on level 6 of the Dungeon)

   It enhances your conjuration magic.
   It summons a battlesphere in combat, with strength depending on Conjurations
   skill.
   Its strikes trigger the battlesphere's blasts.
 p - the +7 short sword "Vusmov" {speed, Will+}
   (You bought it in a shop on level 2 of the Orcish Mines)

   Attacks with this weapon are significantly faster.
   Will:      It increases your willpower.
 S - the +12 war axe of Tenacity {antimagic, rElec Int+3}
   (You took it off a deep elf annihilator on level 3 of the Elven Halls)

   It reduces the magical energy of the wielder, and disrupts the spells and
   magical abilities of those it strikes.
   Natural abilities and divine invocations are not affected.
   Int:       It affects your intelligence (+3).
   rElec:     It insulates you from electricity.
Armour
 b - a +2 tower shield (worn)
 u - a scarf of repulsion
 w - a scarf of invisibility
 A - a +2 leather armour of cold resistance
 F - a +2 cloak of poison resistance (worn)
 P - the +5 pair of gloves of Baurch (worn) {Str+2 Int+5}
   (You found it in a Gauntlet)

   Str:       It affects your strength (+2).
   Int:       It affects your intelligence (+5).
 W - a +1 hat of see invisible (worn)
 Z - a +4 troll leather armour (worn) {Snorg}
Jewellery
 l - an amulet of regeneration (around neck)
 r - a +6 ring of strength
 y - the ring of Omuehut {rElec rC+ Slay+4 Stlth-}
   (You took it off a deep elf demonologist on level 3 of the Elven Halls)

   [ring of slaying]

   Slay:      It affects your accuracy & damage with ranged weapons and melee
   (+4).
   rC:        It protects you from cold.
   rElec:     It insulates you from electricity.
   Stlth:     It makes you less stealthy.
 E - an amulet of reflection
 I - a ring of positive energy
 K - an amulet of the acrobat
 N - an amulet of faith
 Q - the ring "Ippu" (left hand) {rF+ Int+3 Dex+3 SInv}
   (You took it off a deep elf annihilator on level 3 of the Elven Halls)

   [ring of see invisible]

   Int:       It affects your intelligence (+3).
   Dex:       It affects your dexterity (+3).
   rF:        It protects you from fire.
   SInv:      It lets you see invisible.
 T - the ring of Moodiness {rC+ Will+}
   (You took it off a deep elf sorcerer on level 3 of the Elven Halls)

   [ring of protection from cold]

   rC:        It protects you from cold.
   Will:      It increases your willpower.
 U - a +6 ring of dexterity
 Y - a ring of wizardry (right hand)
Wands
 t - a wand of quicksilver (9)
 x - a wand of flame (82)
 z - a wand of polymorph (41)
 D - a wand of digging (6)
 G - a wand of mindburst (18)
 O - a wand of roots (25)
 R - a wand of charming (19)
Scrolls
 a - 4 scrolls of enchant weapon
 c - a scroll of brand weapon
 f - 15 scrolls of fear
 h - 7 scrolls of blinking
 j - 8 scrolls of butterflies
 n - 3 scrolls of magic mapping
 o - 10 scrolls of teleportation
 v - 8 scrolls of poison
 C - a scroll of silence
 J - 2 scrolls of summoning
Potions
 d - 9 potions of haste
 g - 4 potions of mutation
 i - 7 potions of brilliance
 k - 5 potions of lignification
 m - 13 potions of heal wounds
 q - 10 potions of ambrosia
 s - 3 potions of berserk rage
 B - 7 potions of might
 H - 18 potions of curing
 L - 2 potions of experience
 V - 3 potions of invisibility
 X - a potion of cancellation
Miscellaneous
 M - a phantom mirror


   Skills:
 * Level 20.4 Fighting
 + Level 12.7 Staves
 + Level 15.0 Armour
 - Level 6.5 Dodging
 - Level 5.2 Stealth
 + Level 13.1 Shields
 * Level 16.6 Spellcasting
 - Level 4.0 Invocations
 + Level 10.6 Evocations


You couldn't memorise any spells.
You knew the following spells:

 Your Spells              Type           Power      Damage    Failure   Level
a - Magic Dart            Conj           100%       1d8       0%          1
b - Searing Ray           Conj           100%       2d8       0%          2
c - Dazzling Flash        Conj/Hex       100%       N/A       0%          3
d - Fulminant Prism       Conj/Hex       63%        3d27      1%          4
e - Iskenderun's Mystic   Conj/Tloc      100%       2d19      1%          4
f - Beastly Appendage     Tmut           100%       N/A       0%          1
g - Scorch                Fire           100%       2d10      0%          2
h - Ignite Poison         Fire/Tmut/Pois 100%       N/A       0%          3
i - Confusing Touch       Hex            100%       N/A       0%          3
j - Ice Form              Ice/Tmut       100%       N/A       1%          4
k - Lee's Rapid Deconstr  Erth           51%        3d25*     1%          5
l - Iron Shot             Conj/Erth      63%        9d12      1%          6
m - Simulacrum            Ice/Necr       51%        N/A       1%          6
n - Enfeeble              Hex            51%        N/A       2%          7
o - Haunt                 Necr/Summ      51%        N/A       2%          7
p - Maxwell's Capacitive  Air            51%        ∞         16%         8
Your spell library was empty.

Dungeon Overview and Level Annotations

Branches:
Dungeon (15/15)            Temple (1/1) D:6            Lair (5/5) D:9
 Shoals (4/4) Lair:2       Spider (4/4) Lair:3        Slime (0/5) Lair:5
    Orc (2/2) D:12            Elf (3/3) Orc:2        Vaults (0/5) D:14
 Depths (2/4) D:15         WizLab (visited)         Gauntlet (visited)

Altars:
Ashenzari
Cheibriados
Dithmenos
Elyvilon
Fedhas
Gozag
Hepliaklqana
Makhleb
Nemelex Xobeh
Okawaru
Qazlal
Ru
Trog
Uskayaw
Wu Jian
Xom
Yredelemnul
Zin
The Shining One
Jiyva

Shops:
D:11 *   D:15 (   Orc:2 (:*[   Elf:2 !?!(

Portals:
Hell: Depths:1 Depths:2
Trove: Depths:1 (give +7 demon trident)

Annotations:
D:12 1 runed translucent door


Innate Abilities, Weirdness & Mutations

Your life essence is reduced to manifest your ancestor. (-10% HP)
You are immune to sickness and miasma.
You are immune to poison.
Your flesh is very heat resistant. (rF++)
You are vulnerable to cold. (rC-)
You float through the air rather than walking.
You learn spells naturally, not from books.
Your magical power is your life essence.
You have superior vitality. (+4 MHP)
You have a pair of small horns on your head.
You possess an exceptional clarity of mind.
Your mind is acute. (Int +4, Str/Dex -1)
You are robust. (+10% HP)


Message History

Your merfolk impaler simulacrum completely resists.
The bolt of cold hits you!!!
You feel a terrible chill!
The ice dragon misses your freezing wraith.
The ice dragon claws your freezing wraith!
The ice dragon tramples your freezing wraith.
Your freezing wraith holds its ground!
Aizul hits the ice dragon but does no damage.
Casting: Haunt (dangerous; 2% risk of failure)
Confirm with . or Enter, or press ? or * to list all spells.
Okay, then.
The frost giant gestures at you while chanting.
The bolt of cold hits your ettin simulacrum.
Your ettin simulacrum completely resists.
The bolt of cold hits you!!
You feel a terrible chill!
* * * LOW HITPOINT WARNING * * *
An anaconda comes into view.
Aizul hits the ice dragon but does no damage.
The ice dragon bites your freezing wraith but does no damage.
The ice dragon claws your freezing wraith!
The ice dragon tramples your freezing wraith.
Your freezing wraith holds its ground!
Your freezing wraith hits the ice dragon but does no damage.
Your freezing wraith hits the ice dragon!
Your freezing wraith drains the ice dragon's vigour!
The ice dragon seems to slow down.
Your wraith hits the ice dragon.
Blink to where?
Press: ? - help, Dir - move target, p - ice dragon An ettin and a spriggan air mage come into view.
As you read the scroll of blinking, it crumbles to dust.
Casting: Haunt (dangerous; 2% risk of failure)
Confirm with . or Enter, or press ? or * to list all spells.
You feel a surge of power!
You erupt in a blast of force!
The mystic blast hits the ettin!!
The ettin is moderately wounded.
* * * LOW HITPOINT WARNING * * *
Your battlesphere fires!
The barrage of energy hits the spriggan air mage!!
The spriggan air mage is heavily wounded.
The ettin hits you with a +0 dire flail!!
You die...

....................~≈≈≈~~
..............Z..Z.!~.....
........)...........~.....
..........)...............
!................##.......
....~..........### #......
....~........*.### ......
....~............# ......
..~~~.....@...~.##........
.........C.......#.. ...
....................
..###...i............
.#.#.................
....~...............
...~~..<............
~.~................
...................


You could see an ettin, a spriggan air mage (repels missiles, ally target), a
friendly battlesphere and 2 friendly ettin simulacra.

Vanquished Creatures
  Mara (Spider:3)
  Nikola (Shoals:3)
  The ghost of leafyfresh the Spry, an adept DjIE of Makhleb (Shoals:3)
  Polyphemus (Shoals:2)
  2 deep elf master archers (Elf:3)
  3 ancient champions (WizLab)
  Gastronok (D:8)
  A revenant (WizLab)
  2 emperor scorpions
  2 deep elf sorcerers
  A frost giant (Shoals:3)
  The ghost of Gosau the Carver, a journeyman DsGl of Makhleb (D:15)
  An orc warlord (Orc:2)
  A caustic shrike zombie (WizLab)
  3 deep elf elementalists (Elf:3)
  A spectral caustic shrike (WizLab)
  Aizul (Depths:2)
  A quicksilver ooze (Gauntlet)
  5 very ugly things
  2 deep elf demonologists
  A vampire knight (Depths:1)
  2 deep elf annihilators (Elf:3)
  Nessos (D:14)
  A spark wasp (Spider:3)
  A minotaur (Gauntlet)
  2 entropy weavers (Spider:4)
  2 halazid warlocks (WizLab)
  A dire elephant (Lair:5)
  2 merfolk javelineers
  Snorg (D:13)
  2 eidola (WizLab)
  A fire dragon (Depths:1)
  The ghost of Jingleheimer the Slicer, a journeyman MiFi of Gozag (D:11)
  3 merfolk impalers
  3 jiangshi
  4 vault guards (D:14)
  12 hydras
  5 boulder beetles
  3 centaur warriors
  A death knight (D:14)
  4 merfolk aquamancers
  4 ogre magi
  A rakshasa (D:15)
  2 catoblepae
  2 radroaches (Spider:4)
  14 two-headed ogres
  5 death yaks
  3 tengu warriors
  2 deep troll earth magi
  A vampire mage (WizLab)
  18 dancing weapons
  The ghost of hawla the Thaumaturge, a novice MeFE (D:9)
  Sonja (Lair:2)
  Nergalle (Lair:1)
  6 deep elf knights
  2 skeletal warriors
  A shadow wraith (WizLab)
  6 sea snakes
  A spectral spark wasp (WizLab)
  3 pharaoh ants (Spider:3)
  A spark wasp zombie (WizLab)
  2 flayed ghosts (WizLab)
  The ghost of hawla the Grave Robber, a novice MeFE of Vehumet (D:7)
  A deep troll (Depths:1)
  An orb spider (Spider:3)
  2 deep elf archers
  3 lindwurms
  A harpy (Shoals:4)
  5 phantasmal warriors
  2 spectral wolf spiders (WizLab)
  3 necromancers (WizLab)
  10 ugly things
  13 deep elf pyromancers
  8 deep elf zephyrmancers
  4 orc knights
  2 orc sorcerers
  A spectral spriggan (WizLab)
  6 cyclopes
  10 manticores
  A wolf spider (Spider:3)
  5 elephants
  A merfolk siren (Shoals:2)
  Maurice (D:8)
  A guardian serpent (shapeshifter) (D:15)
  8 black mambas
  3 torpor snails
  3 water nymphs
  2 gargoyles
  16 cane toads
  6 komodo dragons
  2 demonic crawlers (Spider:4)
  4 kobold demonologists
  2 freezing wraiths
  An efreet (D:10)
  An unseen horror (D:12)
  A yaktaur (D:14)
  8 tengu conjurers
  2 rime drakes (Lair:3)
  3 meliai (Gauntlet)
  A meliai (shapeshifter) (D:14)
  2 polar bears
  A spectral harpy (WizLab)
  6 trolls
  3 wind drakes
  3 tyrant leeches
  Grinder (D:5)
  4 hornets (Lair:5)
  3 tarantellas
  12 blink frogs
  11 merfolk
  A raiju (Gauntlet)
  7 dream sheep
  4 slime creatures
  4 snapping turtles
  9 jumping spiders
  A spriggan zombie (WizLab)
  9 flying skulls (WizLab)
  5 culicivoras
  3 water elementals
  36 yaks
  2 shadows
  A nameless horror (Elf:2)
  Eustachio (D:4)
  An air elemental (Elf:1)
  A vampire (D:10)
  4 wraiths
  2 wyverns
  2 basilisks
  3 steam dragons
  A fire elemental (Elf:1)
  A basilisk (shapeshifter) (D:13)
  9 vampire mosquitoes (D:13)
  10 redbacks
  4 wargs
  Menkaure (D:5)
  2 acid dragons
  16 water moccasins
  A swamp drake (D:12)
  An ice beast (D:6)
  11 black bears
  3 sky beasts (D:7)
  7 orc warriors
  5 boggarts (D:15)
  6 ogres
  A wolf (shapeshifter) (D:15)
  A centaur (D:9)
  A wolf (Lair:5)
  A kobold brigand (D:11)
  5 bullfrogs
  2 necrophages (D:7)
  2 scorpions
  6 wights
  6 killer bees
  6 howler monkeys
  A hound (D:7)
  A jelly (D:4)
  8 orc priests
  A gnoll bouda (D:7)
  3 iguanas
  14 orc wizards
  12 hell rats
  4 gnolls (D:7)
  8 adders
  A river rat (Lair:2)
  A white imp (D:6)
  An ufetubus (D:6)
  A worm (D:4)
  4 dart slugs
  36 orcs
  7 ball pythons
  12 endoplasms
  3 giant cockroaches (D:4)
  6 goblins
  3 hobgoblins
  5 jackals
  3 kobolds
  3 quokkas
  10 bats
  2 frilled lizards
  7 rats
  3 fulminant prisms
718 creatures vanquished.

Vanquished Creatures (collateral kills)
  A titan (Shoals:3)
  Asterion (Spider:1)
  2 deep elf blademasters (Elf:3)
  2 krakens
  A tengu reaver (Depths:1)
  2 revenants (WizLab)
  A frost giant (Shoals:3)
  2 fire giants (Depths:1)
  7 emperor scorpions
  4 deep elf sorcerers (Elf:3)
  4 ghost moths
  3 deep elf elementalists (Elf:3)
  4 broodmothers
  A stone giant (Depths:1)
  4 very ugly things (Depths:1)
  5 deep elf demonologists (Elf:3)
  3 spark wasps
  3 entropy weavers
  8 deep elf annihilators (Elf:3)
  4 halazid warlocks (WizLab)
  A spectral titan (WizLab)
  11 merfolk impalers
  5 deep elf death magi
  An eidolon (WizLab)
  6 merfolk javelineers
  2 jiangshi (WizLab)
  An ettin (Depths:2)
  3 fire dragons
  A quicksilver dragon zombie (WizLab)
  The ghost of Priul the Eclecticist, a journeyman DECj of Sif Muna (Spider:1)
  4 deep elf high priests (Elf:3)
  A hydra (Lair:5)
  Erolcha (D:11)
  An ice dragon (Depths:1)
  A vault guard (D:14)
  6 boulder beetles
  An alligator snapping turtle (Shoals:1)
  An ogre mage (D:10)
  2 catoblepae
  A spriggan air mage (Depths:1)
  Erica (D:8)
  2 radroaches (Spider:4)
  3 merfolk aquamancers
  4 two-headed ogres
  2 centaur warriors
  13 dancing weapons
  5 deep troll earth magi (Depths:1)
  A tengu warrior (Depths:1)
  4 merfolk avatars
  2 death yaks (Shoals:2)
  A vampire mage (Depths:1)
  3 spriggan berserkers
  4 orc high priests (Orc:2)
  A deep troll shaman (Depths:2)
  A titan zombie (WizLab)
  11 deep elf knights
  A skeletal warrior (WizLab)
  3 pharaoh ants
  2 iron trolls (Depths:1)
  A spectral spark wasp (WizLab)
  6 sun moths
  6 orb spiders
  5 deep trolls (Depths:1)
  9 sea snakes
  5 steelbarb worms
  4 flayed ghosts
  2 glowing orange brains
  A kraken simulacrum (Shoals:4)
  An orange crystal statue (Elf:2)
  10 deep elf archers
  2 orc knights
  A lindwurm (Lair:5)
  2 phantasmal warriors (WizLab)
  7 harpies
  20 deep elf pyromancers
  6 orc sorcerers
  3 ugly things
  A faun (Shoals:1)
  A spectral spriggan (WizLab)
  25 deep elf zephyrmancers
  30 wolf spiders
  3 cyclopes
  An elephant (Lair:5)
  10 merfolk sirens
  5 manticores
  2 moths of wrath
  Joseph (D:10)
  A water nymph (Shoals:2)
  7 torpor snails
  6 demonic crawlers
  A kobold demonologist (D:11)
  A freezing wraith (D:14)
  A komodo dragon (Lair:4)
  A tengu conjurer (Depths:1)
  6 meliai (Spider:3)
  A queen bee (Spider:4)
  5 trolls
  4 hornets (Lair:5)
  4 polar bears (Lair:3)
  23 merfolk
  17 tarantellas
  2 wind drakes
  4 tyrant leeches
  A blink frog (Lair:4)
  2 slime creatures (D:13)
  8 dream sheep
  7 snapping turtles
  A spriggan zombie (WizLab)
  3 flying skulls (WizLab)
  12 culicivoras
  19 jumping spiders
  A shadow (D:9)
  A vampire (D:8)
  8 water elementals
  A fire elemental (Elf:1)
  30 redbacks
  5 yaks
  2 vampire mosquitoes (D:13)
  2 wargs
  An acid dragon (D:10)
  A water moccasin (Lair:5)
  21 orc warriors
  A black bear (Lair:3)
  5 ogres (Orc:2)
  2 centaurs
  2 earth elementals (Elf:1)
  13 killer bees
  A jelly (Lair:5)
  8 orc priests
  A hell rat (Lair:5)
  5 orc wizards
  4 worms (Spider:4)
  22 orcs
  4 bushes (Shoals:1)
  A fungus (Orc:2)
  4 plants
  2 tentacles (Shoals:4)
632 creatures vanquished.

Vanquished Creatures (others)
  A deep elf knight (Elf:3)
  A wizard (D:15)
  A yaktaur (Shoals:1)
  An orc warrior (Orc:1)
  15 knights
  An orc wizard (Orc:2)
  4 demonic plants (D:1)
  243 fulminant prisms
  35 fungi
  171 plants
  36 tentacles
509 creatures vanquished.

Grand Total: 1859 creatures vanquished

Notes
Turn   | Place    | Note
-------+----------+-------------------------------------------
     0 | D:1      | javelincjr the Djinni Conjurer began the quest for the Orb.
     0 | D:1      | javelincjr set off with the following spells memorised:
                  | Magic Dart, Searing Ray, Dazzling Flash, Fulminant Prism,
                  | Iskenderun's Mystic Blast.
     0 | D:1      | Reached XP level 1. HP: 15/15 MP: 0/0
   328 | D:1      | Found a faded altar of an unknown god.
   341 | D:1      | Reached XP level 2. HP: 19/21 MP: 0/0
   782 | D:1      | Reached XP level 3. HP: 24/26 MP: 0/0
   782 | D:1      | Learned a level 1 spell: Beastly Appendage
  1536 | D:2      | Reached skill level 1 in Armour
  1684 | D:2      | Reached skill level 1 in Fighting
  1736 | D:2      | Reached XP level 4. HP: 27/32 MP: 0/0
  3305 | D:3      | Reached XP level 5. HP: 24/37 MP: 0/0
  3305 | D:3      | Learned a level 2 spell: Scorch
  3566 | D:3      | Noticed an ogre
  3573 | D:3      | Killed an ogre
  3824 | D:3      | Reached XP level 6. HP: 41/43 MP: 0/0
  4380 | D:4      | Noticed a black bear
  4387 | D:4      | Killed a black bear
  4388 | D:4      | Reached skill level 2 in Fighting
  4578 | D:4      | Noticed Eustachio
  4916 | D:4      | Killed Eustachio
  4917 | D:4      | Reached XP level 7. HP: 1/49 MP: 0/0
  4917 | D:4      | Learned a level 3 spell: Ignite Poison
  5357 | D:4      | Noticed Grinder
  5539 | D:5      | Entered Level 5 of the Dungeon
  5539 | D:5      | Noticed Menkaure
  6329 | D:5      | Killed Grinder
  6330 | D:5      | Reached skill level 3 in Fighting
  6330 | D:5      | Reached XP level 8. HP: 39/56 MP: 0/0
  6354 | D:5      | Killed Menkaure
  6355 | D:5      | Reached skill level 5 in Spellcasting
  6857 | D:6      | Found a staircase to the Ecumenical Temple.
  6866 | Temple   | Entered the Ecumenical Temple
  6922 | Temple   | Became a worshipper of Hepliaklqana the Forgotten
  6979 | D:6      | Reached skill level 4 in Fighting
  7054 | D:6      | Identified 3 scrolls of acquirement
  7055 | D:6      | Acquired the +1 chain mail of Agoraphobia {+Inv}
  7057 | D:6      | Acquired the +8 trishula "Condemnation" {holy, anguish,
                  | *Noise Fly rN+}
  7057 | D:6      | Found the +8 trishula "Condemnation" {holy, anguish, *Noise
                  | Fly rN+}
  7059 | D:6      | Acquired the +0 staff of Battle
  7059 | D:6      | Found the +0 staff of Battle
  7550 | D:6      | Reached XP level 9. HP: 60/63 MP: 0/0
  7550 | D:6      | Learned a level 3 spell: Confusing Touch
  7629 | D:6      | Reached skill level 5 in Dodging
  7983 | D:7      | Reached skill level 5 in Fighting
  8311 | D:7      | Reached * piety under Hepliaklqana
  8469 | D:7      | Found a runed translucent gate.
  8501 | D:7      | Identified the +0 long sword of the Onslaught {vorpal,
                  | rElec rC++ SInv}
  8574 | D:7      | Found a runed translucent gate.
  8574 | D:7      | Found an opulent altar of Gozag.
  8574 | D:7      | Found a runed translucent gate.
  8577 | D:7      | Noticed hawla's ghost (novice MeFE)
  8680 | D:7      | Killed hawla's ghost
  8681 | D:7      | Reached skill level 6 in Fighting
  8682 | D:7      | Reached XP level 10. HP: 45/64 MP: 0/0
  8819 | D:8      | Noticed Maurice
  8823 | D:8      | Reached skill level 5 in Armour
  8825 | D:8      | Killed Maurice
  8827 | D:8      | Reached skill level 5 in Stealth
  9107 | D:8      | Found a glowing golden altar of the Shining One.
  9107 | D:8      | Found a snail-covered altar of Cheibriados.
  9146 | D:8      | Noticed Erica
  9157 | D:8      | Killed Erica
  9158 | D:8      | Reached skill level 7 in Fighting
  9220 | D:8      | Noticed Gastronok
  9232 | D:8      | Killed Gastronok
  9233 | D:8      | Reached skill level 1 in Staves
  9233 | D:8      | Reached skill level 1 in Invocations
  9233 | D:8      | Reached skill level 1 in Evocations
  9248 | D:8      | Reached XP level 11. HP: 28/72 MP: 0/0
  9248 | D:8      | Learned a level 4 spell: Ice Form
  9597 | D:8      | Reached ** piety under Hepliaklqana
  9598 | D:8      | Remembered your ancestor Agathoclea as a knight
  9622 | D:8      | Gained mutation: You are frail. (-10% HP) [potion of
                  | mutation]
  9622 | D:8      | Gained mutation: You are partially covered in iridescent
                  | scales. (AC +2) [potion of mutation]
  9622 | D:8      | Gained mutation: Your flesh is almost immune to the effects
                  | of heat. (rF+++) [potion of mutation]
  9623 | D:8      | Lost mutation: You are partially covered in iridescent
                  | scales. (AC +2) [potion of mutation]
  9623 | D:8      | Lost mutation: You are frail. (-10% HP) [potion of
                  | mutation]
  9623 | D:8      | Lost mutation: Your flesh is almost immune to the effects
                  | of heat. (rF+++) [potion of mutation]
  9623 | D:8      | Gained mutation: You are frail. (-10% HP) [potion of
                  | mutation]
  9623 | D:8      | Gained mutation: Your body sometimes deteriorates upon
                  | taking damage. [potion of mutation]
  9623 | D:8      | Gained mutation: You are agile. (Dex +4, Str/Int -1)
                  | [potion of mutation]
  9624 | D:8      | Lost mutation: You are agile. (Dex +4, Str/Int -1) [potion
                  | of mutation]
  9624 | D:8      | Lost mutation: You are frail. (-10% HP) [potion of
                  | mutation]
  9624 | D:8      | Lost mutation: Your body sometimes deteriorates upon taking
                  | damage. [potion of mutation]
  9624 | D:8      | Gained mutation: You possess an exceptional clarity of
                  | mind. [potion of mutation]
  9624 | D:8      | Gained mutation: You are robust. (+10% HP) [potion of
                  | mutation]
  9624 | D:8      | Gained mutation: Your mind is acute. (Int +4, Str/Dex -1)
                  | [potion of mutation]
  9624 | D:8      | Gained mutation: You have a pair of small horns on your
                  | head. [potion of mutation]
  9928 | D:8      | Found a burning altar of Makhleb.
  9928 | D:8      | Found a basalt altar of Yredelemnul.
  9930 | D:8      | Found a sacrificial altar of Ru.
  9930 | D:8      | Found a broken altar of Ashenzari.
  9930 | D:8      | Found a bloodstained altar of Trog.
 10329 | D:9      | Reached skill level 8 in Fighting
 10544 | D:9      | Found a staircase to the Lair.
 10629 | D:9      | Found a runed translucent door.
 10629 | D:9      | Noticed hawla's ghost (novice MeFE)
 10898 | D:9      | Killed hawla's ghost
 10956 | D:10     | Entered Level 10 of the Dungeon
 10988 | D:10     | Noticed a tengu warrior
 10996 | D:10     | Killed a tengu warrior
 11308 | D:10     | Noticed an ogre mage
 11313 | D:10     | Killed an ogre mage
 11314 | D:10     | Reached skill level 9 in Fighting
 11317 | D:10     | Noticed Joseph
 11325 | D:10     | Killed Joseph
 11673 | D:10     | Reached *** piety under Hepliaklqana
 11871 | D:10     | Reached XP level 12. HP: 85/89 MP: 0/0
 12158 | D:10     | Noticed a centaur warrior
 12194 | D:10     | Noticed a boulder beetle
 12473 | D:10     | Killed a boulder beetle
 12644 | D:10     | Killed a centaur warrior
 13162 | D:11     | Noticed Erolcha
 13173 | D:11     | Killed Erolcha
 13178 | D:11     | Reached skill level 10 in Fighting
 13182 | D:11     | Noticed a six-headed hydra
 13191 | D:11     | Killed a six-headed hydra
 13571 | D:11     | Noticed a sixfirhy
 13822 | D:11     | Reached skill level 1 in Shields
 13826 | D:11     | Reached XP level 13. HP: 86/97 MP: 0/0
 13826 | D:11     | Learned a level 5 spell: Lee's Rapid Deconstruction
 13945 | D:11     | Identified the +0 plate armour "Ugujut" {rF+}
 13973 | D:11     | Noticed a deep elf sorcerer
 13979 | D:11     | Killed a deep elf sorcerer
 13981 | D:11     | Reached skill level 5 in Staves
 14196 | D:11     | Noticed a boulder beetle
 14199 | D:11     | Noticed Jingleheimer's ghost (journeyman MiFi)
 14200 | D:11     | Reached skill level 11 in Fighting
 14203 | D:11     | Killed a boulder beetle
 14205 | D:11     | Found a runed translucent gate.
 14208 | D:11     | Noticed a 12-headed hydra
 14217 | D:11     | Found a runed translucent gate.
 14217 | D:11     | Found a runed translucent gate.
 14218 | D:11     | Noticed an 11-headed hydra
 14315 | D:11     | Found Nereloock's General Store.
 14325 | D:11     | Bought a scroll of identify for 30 gold pieces
 14365 | D:11     | Reached **** piety under Hepliaklqana
 14452 | D:11     | You are sucked into a shaft and drop 2 floors!
 14508 | D:13     | Noticed a six-headed hydra
 14514 | D:13     | Killed a six-headed hydra
 14521 | D:13     | Noticed a six-headed hydra
 14529 | D:13     | Killed a six-headed hydra
 14539 | D:13     | Noticed a five-headed hydra
 14553 | D:13     | Killed a five-headed hydra
 14793 | D:13     | Reached skill level 10 in Spellcasting
 14895 | D:13     | Found an iron altar of Okawaru.
 14943 | D:12     | Noticed a boulder beetle
 14953 | D:12     | Killed a boulder beetle
 15343 | D:12     | Found a staircase to the Orcish Mines.
 15517 | D:12     | Found the ring of the Tortoise {AC+8}
 15518 | D:12     | Found a runed translucent door.
 15522 | D:12     | Noticed a six-headed hydra
 15879 | D:11     | Killed an 11-headed hydra
 15881 | D:11     | Killed a 12-headed hydra
 15882 | D:11     | Killed Jingleheimer's ghost
 16095 | D:12     | Reached skill level 12 in Fighting
 16095 | D:12     | Reached XP level 14. HP: 101/107 MP: 0/0
 16196 | D:12     | Reached ***** piety under Hepliaklqana
 16380 | D:12     | Noticed a dire elephant
 16385 | D:12     | Noticed a quicksilver ooze
 16385 | D:12     | a dire elephant changed into a quicksilver ooze
 16812 | D:13     | Noticed Snorg
 16817 | D:13     | Killed Snorg
 17327 | D:14     | Reached skill level 5 in Shields
 17333 | D:14     | Found a gate to the Vaults.
 17751 | D:14     | Noticed Nessos
 17758 | D:14     | Killed Nessos
 17870 | D:14     | Reached skill level 13 in Fighting
 17974 | D:15     | Entered Level 15 of the Dungeon
 18125 | D:15     | Reached XP level 15. HP: 78/115 MP: 0/0
 18125 | D:15     | Learned a level 6 spell: Iron Shot
 18170 | D:15     | Found Vysh's Antique Weapon Boutique.
 18232 | D:15     | Found a runed translucent door.
 18232 | D:15     | Found a shimmering altar of Xom.
 18232 | D:15     | Noticed Gosau's ghost (journeyman DsGl)
 18345 | D:15     | Reached skill level 10 in Armour
 18937 | D:15     | Noticed a green very ugly thing
 18954 | D:15     | Noticed a red very ugly thing
 18956 | D:15     | Noticed a purple very ugly thing
 18959 | D:15     | Killed a purple very ugly thing
 18960 | D:15     | Reached skill level 14 in Fighting
 18963 | D:15     | Killed a purple very ugly thing
 18965 | D:15     | Killed a purple very ugly thing
 19102 | D:15     | Found a staircase to the Depths.
 19243 | D:15     | Killed Gosau's ghost
 19396 | Lair:1   | Entered Level 1 of the Lair of Beasts
 19530 | Lair:1   | Noticed Nergalle
 19537 | Lair:1   | Killed Nergalle
 19707 | Lair:1   | Found a gate leading to a gauntlet.
 19716 | Gauntlet | Entered a Gauntlet
 19716 | Gauntlet | Found a transporter.
 19716 | Gauntlet | Found a transporter.
 19720 | Gauntlet | Found a transporter.
 19720 | Gauntlet | Found a transporter.
 19722 | Gauntlet | Found a large runed translucent door.
 19723 | Gauntlet | Found a large runed translucent door.
 19724 | Gauntlet | Found a large runed translucent door.
 19724 | Gauntlet | Found a large runed translucent door.
 19724 | Gauntlet | Found a runed translucent door.
 19724 | Gauntlet | Found a runed translucent door.
 19725 | Gauntlet | Found a large runed translucent door.
 19725 | Gauntlet | Found a large runed translucent door.
 19725 | Gauntlet | Found a large runed translucent door.
 19725 | Gauntlet | Found a large runed translucent door.
 19726 | Gauntlet | Found a large runed translucent door.
 19726 | Gauntlet | Found a large runed translucent door.
 19726 | Gauntlet | Found a large runed translucent door.
 19727 | Gauntlet | Found a large runed translucent door.
 19729 | Gauntlet | Found a transporter.
 19741 | Gauntlet | Found a large runed translucent door.
 19741 | Gauntlet | Found a large runed translucent door.
 19741 | Gauntlet | Found a large runed translucent door.
 19741 | Gauntlet | Found a large runed translucent door.
 19756 | Gauntlet | Found a transporter.
 19767 | Gauntlet | Found a runed translucent gate.
 19769 | Gauntlet | Found a transporter.
 19777 | Gauntlet | Found a transporter.
 19777 | Gauntlet | Found a runed translucent gate.
 19777 | Gauntlet | Found the amulet of the Four Winds {rN+ Will+++ Clar}
 19778 | Gauntlet | Found a runed translucent gate.
 19779 | Gauntlet | Found a transporter.
 19783 | Gauntlet | Found a transporter.
 19789 | Gauntlet | Found a transporter.
 19802 | Gauntlet | Noticed a quicksilver ooze
 19819 | Gauntlet | Found a transporter.
 19869 | Gauntlet | Found a transporter.
 19887 | Gauntlet | Found a transporter.
 19984 | Gauntlet | Found a transporter.
 19992 | Gauntlet | Noticed a quicksilver ooze
 20000 | Gauntlet | Found a transporter.
 20326 | Gauntlet | Identified the +5 pair of gloves of Baurch {Str+2 Int+5}
 20362 | Gauntlet | Reached XP level 16. HP: 98/123 MP: 0/0
 20877 | Lair:2   | Noticed Sonja
 20880 | Lair:2   | Killed Sonja
 20937 | Lair:2   | Reached ****** piety under Hepliaklqana
 21397 | Lair:2   | Found a staircase to the Shoals.
 22130 | Lair:3   | Found a hole to the Spider Nest.
 23299 | Lair:5   | Entered Level 5 of the Lair of Beasts
 23305 | Lair:5   | Reached skill level 15 in Fighting
 23380 | Lair:5   | Found a staircase to the Slime Pits.
 23380 | Lair:5   | Found a viscous altar of Jiyva.
 23460 | Lair:5   | Identified the +0 chain mail of Loan {Harm Rampage}
 23958 | Lair:5   | Reached XP level 17. HP: 119/131 MP: 0/0
 23958 | Lair:5   | Learned a level 6 spell: Simulacrum
 24295 | Lair:5   | Found a runed translucent door.
 24663 | Spider:1 | Entered Level 1 of the Spider Nest
 24882 | Spider:1 | Noticed Asterion
 24884 | Spider:1 | Noticed an Executioner
 24893 | Spider:1 | Killed Asterion
 25157 | Spider:1 | Identified the +3 trident of Leco {freeze, Int+3}
 25159 | Spider:1 | Found a runed translucent door.
 25160 | Spider:1 | Found a shimmering altar of Xom.
 25160 | Spider:1 | Noticed Priul's ghost (journeyman DECj)
 25175 | Spider:1 | Killed Priul's ghost
 25367 | Spider:2 | Reached skill level 16 in Fighting
 25729 | Spider:3 | Noticed Mara
 25744 | Spider:3 | Noticed javelincjr's illusion
 25746 | Spider:3 | Killed Mara
 26068 | Spider:3 | Reached XP level 18. HP: 111/139 MP: 0/0
 26193 | Spider:3 | Reached skill level 5 in Evocations
 26807 | Spider:4 | Entered Level 4 of the Spider Nest
 26873 | Spider:4 | Reached skill level 10 in Staves
 27274 | Spider:4 | Reached skill level 10 in Shields
 27288 | Spider:4 | Reached skill level 17 in Fighting
 27312 | Spider:4 | Reached XP level 19. HP: 39/148 MP: 0/0
 27312 | Spider:4 | Learned a level 7 spell: Enfeeble
 27373 | Spider:4 | Got a gossamer rune of Zot
 27977 | Shoals:1 | Entered Level 1 of the Shoals
 28207 | Shoals:1 | Identified the +6 chain mail "Rithe" {Dex+3}
 28288 | Shoals:1 | Reached XP level 20. HP: 155/155 MP: 0/0
 29486 | Shoals:2 | Noticed Polyphemus
 29501 | Shoals:2 | Killed Polyphemus
 30211 | Shoals:3 | Noticed Nikola
 30223 | Shoals:3 | Killed Nikola
 30500 | Shoals:3 | Reached skill level 18 in Fighting
 30610 | Shoals:3 | Found a runed translucent door.
 30611 | Shoals:3 | Noticed leafyfresh's ghost (adept DjIE)
 30877 | Shoals:3 | Identified the amulet "Gatarghu" {Faith *Slow Int+5}
 31189 | Shoals:3 | Killed leafyfresh's ghost
 31234 | Shoals:4 | Entered Level 4 of the Shoals
 31385 | Shoals:4 | Reached XP level 21. HP: 57/163 MP: 0/0
 31385 | Shoals:4 | Learned a level 7 spell: Haunt
 31754 | Shoals:4 | Reached skill level 15 in Spellcasting
 32351 | Shoals:4 | Got a barnacled rune of Zot
 33032 | Orc:1    | Entered Level 1 of the Orcish Mines
 33199 | Orc:2    | Entered Level 2 of the Orcish Mines
 33290 | Orc:2    | Found Kuwnit's General Store.
 33327 | Orc:2    | Bought an amulet of regeneration for 360 gold pieces
 33485 | Orc:2    | Found a staircase to the Elven Halls.
 33508 | Orc:2    | Found Jopuagi's Book Shop.
 33558 | Orc:2    | Found Zawuad's Antique Weapon Shoppe.
 33566 | Orc:2    | Bought a crystal short sword for 264 gold pieces
 33566 | Orc:2    | Identified the +7 short sword "Vusmov" {speed, Will+} (You
                  | bought it in a shop on level 2 of the Orcish Mines)
 33776 | Orc:2    | Found Ixamet's Antique Armour Boutique.
 34405 | Elf:1    | Entered Level 1 of the Elven Halls
 35551 | Elf:2    | Found Biaxir's Magic Scroll Emporium.
 35568 | Elf:2    | Bought a scroll of blinking for 142 gold pieces
 35714 | Elf:2    | Found Pehidwos's Weapon Boutique.
 35750 | Elf:2    | Reached skill level 19 in Fighting
 35832 | Elf:2    | Paralysed by an air elemental for 1 turns
 35859 | Elf:2    | Reached XP level 22. HP: 96/172 MP: 0/0
 36036 | Elf:2    | Found Pufriup's Distillery.
 36044 | Elf:2    | Bought a potion of haste for 150 gold pieces
 36095 | Elf:2    | Found Feevolon's Distillery.
 36125 | Elf:2    | Bought a potion of haste for 120 gold pieces
 36299 | Elf:2    | Found a runed translucent gate.
 36300 | Elf:2    | Found a runed translucent gate.
 36300 | Elf:2    | Found a runed translucent gate.
 36788 | Elf:3    | Entered Level 3 of the Elven Halls
 36883 | Elf:3    | Found a magical portal.
 36892 | WizLab   | Entered Borgnjor's Mausoleum
 37755 | Elf:3    | HP: 2/175 [deep elf elementalist] (43)]
 37902 | Elf:3    | Reached XP level 23. HP: 180/180 MP: 0/0
 37902 | Elf:3    | Learned a level 8 spell: Maxwell's Capacitive Coupling
 37939 | Elf:3    | Reached skill level 10 in Evocations
 38366 | Elf:3    | Identified the +12 war axe of Tenacity {antimagic, rElec
                  | Int+3}
 38366 | Elf:3    | Identified the ring "Ippu" {rF+ Int+3 Dex+3 SInv}
 38386 | Elf:3    | Identified the +8 long sword "Pifirebb" {freeze, rF+ rC-
                  | rN+++ Str-2}
 38387 | Elf:3    | Reached skill level 20 in Fighting
 38459 | Elf:3    | Identified the ring of Moodiness {rC+ Will+}
 38512 | Elf:3    | Identified the ring of Omuehut {rElec rC+ Slay+4 Stlth-}
 38554 | Elf:3    | Identified the +8 ice dragon scales of Dim Light {Fly rF-
                  | rC++}
 38581 | Elf:3    | Found the +7 Spriggan's Knife {stab, EV+4 Stlth+}
 39498 | Depths:1 | Entered Level 1 of the Depths
 39885 | Depths:1 | Found a gateway to Hell.
 39923 | Depths:1 | Reached skill level 15 in Armour
 39945 | Depths:1 | Found a broken altar of Ashenzari.
 40303 | Depths:1 | Found a portal to a secret trove of treasure.
 40611 | Depths:2 | Noticed Aizul
 40620 | Depths:2 | Killed Aizul
 40637 | Depths:2 | Slain by an ettin

Illustrated notes

Levels and vault maps discovered:
D:1:      minmay_arrival_glassed_features, layout_basic, serial_bayou,
          serial_bayou_lagoon_b, serial_bayou_pond_c, serial_bayou_lake_a,
          serial_bayou_pond_d, serial_bayou_ford_a, shapermc_ecumenical_altar_gd
D:2:      layout_loops_corners, dk_vineyard_2
D:3:      layout_basic
D:4:      layout_loops_corners, uniq_grinder, uniq_eustachio
D:5:      layout_basic, uniq_menkaure
D:6:      layout_basic, minmay_temple_entry_poolview
D:7:      layout_basic, ebering_ghost_gozag
D:8:      layout_gridville, nicolae_overflows_in_rows, uniq_maurice,
          uniq_gastronok, uniq_erica
D:9:      layout_basic, erik_lair_orcish_takeover, gammafunk_ghost_grave,
          serial_park_tiny_2
D:10:     minmay_bloctagon_deflated, layout_cave_pods, minmay_bent, uniq_joseph
D:11:     evilmike_library_of_no_secrets, layout_irregular_city, serial_shops,
          shop, gammafunk_ghost_hydra_chop, minmay_door_square, uniq_erolcha
D:12:     layout_roguey, erik_orc_1, nicolae_two_hexagons, minmay_st_funbox,
          chequers_serial_rivers_room_b, minivault_25, nrook_mini_vaults,
          bh_walls_and_bars
D:13:     layout_cave_pools, okawaru_trees_2, uniq_snorg
D:14:     layout_basic, grunt_vaults_entry_fortified, kennysheep_inner_square,
          uniq_nessos
D:15:     gammafunk_enter_depths_forms, layout_irregular_city,
          ebering_ghost_xom, serial_column_ruins, column_ruins_hut_pillars,
          column_ruins_corridor_straight, column_ruins_open_small,
          column_ruins_open_medium, column_ruins_columns_corner, serial_shops,
          shop, lightli_corner_chamber
Temple:   cyrus_circular_temple
Lair:1:   layout_hall_layers, gauntlet_entry_generic, serial_bayou_pond_e,
          uniq_nergalle
Lair:2:   layout_cave_shapes, shoals_dummy_entry, pond, uniq_sonja
Lair:3:   beast_lair_carwin_large_4, layout_regular_city,
          nicolae_spider_entry_tight_spaces, chequers_serial_rivers_room_b,
          nicolae_quartered_pool_impasse
Lair:4:   layout_misc_corridors
Lair:5:   hangedman_lair_in_review, layout_loops_ring, wormcave,
          nicolae_slime_entry_slimehenge, serial_bayou_shore_b
Shoals:1: layout_shoals, yaktaur_hedge
Shoals:2: layout_shoals, st_sunken_temple, uniq_polyphemus
Shoals:3: cheibrodos_shoals_gigantism, layout_shoals, gammafunk_ghost_grave,
          uniq_nikola
Shoals:4: shoals_end_grunt_ice, layout_shoals, nicolae_shoals_water_booths
Spider:1: layout_spider_delve, ebering_ghost_xom, uniq_asterion
Spider:2: layout_spider_delve
Spider:3: layout_cave_pods, nicolae_spider_scorpion_nest, uniq_mara
Spider:4: guppyfry_spider_rune, hive_lemuel
Orc:1:    layout_caves, basic_altar
Orc:2:    grunt_orc_gardens, layout_diamond_mine, grunt_orc_garden,
          grunt_orc_garden, grunt_orc_garden, grunt_orc_garden
Elf:1:    layout_geoelf_octagon, hangedman_corner_corridor
Elf:2:    nicolae_elf_blades_crystal_corner, layout_onion_city, serial_shops,
          nicolae_shop_advertising_works [nicolae_subvault_shop_adworks],
          nicolae_stop_n_shop_1, nicolae_shop_stone, shop, minivault_16
Elf:3:    minmay_elf_hall_x, layout_loops_corners, mu_enter_wizlab_4
Depths:1: layout_basic, enter_trove_3, hell_entry,
          lemuel_coloured_pillars_altar, hangedman_stitches_earthworm,
          serial_bayou_shore_b
Depths:2: angbandy_vault, layout_cave_pools, hell_entry, serial_glass,
          glass_columns_a, glass_columns_b, glass_columns_c, glass_columns_b,
          glass_columns_a, glass_columns_a, pan_entry, minmay_starry_boxes,
          uniq_aizul

Skill      XL: |  1  2  3  4  5  6  7  8  9 10 11 12 13 14 15 16 17 18 19 20 21 22 23 |
---------------+----------------------------------------------------------------------+-----
Armour         | 1 2 3 4 5 6 7 8 9 10 11 12 13 14 15 | 15.0
Stealth        | 2 3 4 5 |  5.2
Fighting       | 1 2 3 4 6 7 9 10 12 13 14 15 16 17 18 19 20 | 20.4
Dodging        | 3 4 5 6 |  6.5
Spellcasting   | 4 5 6 7 8 9 10 11 12 13 14 15 16 | 16.6
Staves         | 1 3 4 6 7 8 9 10 11 12 | 12.7
Invocations    | 1 3 4 |  4.0
Evocations     | 1 3 4 6 7 8 9 10 | 10.6
Shields        | 1 4 5 7 8 9 10 11 12 13 | 13.1

Action                   |  1- 3 |  4- 6 |  7- 9 | 10-12 | 13-15 | 16-18 | 19-21 | 22-24 || total
-------------------------+-------+-------+-------+-------+-------+-------+-------+-------++-------
Melee: Spear             |     1 |       |       |       |       |       |       |       ||     1
       Short sword       |    18 |     6 |     6 |       |       |       |       |       ||    30
       Punch             |     1 |       |     1 |       |       |       |       |       ||     2
       Staff             |       |       |     2 |     1 |     2 |    22 |    33 |    18 ||    78
       Headbutt          |       |       |       |       |       |    10 |    11 |     3 ||    24
 Cast: Magic Dart        |    53 |   104 |    86 |   139 |   228 |   276 |   100 |   100 ||  1086
       Scorch            |       |    18 |    11 |    14 |     1 |       |     3 |       ||    47
       Fulminant Prism   |       |     2 |     9 |    63 |   118 |    40 |     8 |     8 ||   248
       Iskenderun's Myst |       |     1 |     5 |    12 |    63 |    66 |    17 |    41 ||   205
       Searing Ray       |       |     1 |     1 |       |       |       |       |       ||     2
       Confusing Touch   |       |       |       |     1 |       |       |     1 |       ||     2
       Ice Form          |       |       |       |     1 |       |       |       |       ||     1
       Lee's Rapid Decon |       |       |       |       |     3 |     2 |       |     8 ||    13
       Iron Shot         |       |       |       |       |    23 |    46 |   109 |    69 ||   247
       Simulacrum        |       |       |       |       |       |   165 |   294 |   131 ||   590
       Enfeeble          |       |       |       |       |       |       |     6 |       ||     6
       Haunt             |       |       |       |       |       |       |    54 |    72 ||   126
       Maxwell's Capacit |       |       |       |       |       |       |       |     7 ||     7
Invok: Ancestor Life: Kn |       |       |       |     1 |       |       |       |       ||     1
       Recall Ancestor   |       |       |       |       |     1 |     3 |     2 |     1 ||     7
       Transference      |       |       |       |       |       |       |       |     1 ||     1
Evoke: Wand              |       |       |       |       |     3 |       |     1 |       ||     4
       Phantom mirror    |       |       |       |       |       |       |       |     1 ||     1
  Use: Scroll            |       |       |    10 |     3 |    13 |     9 |     1 |     3 ||    39
       Potion            |       |       |       |     3 |       |     1 |     1 |       ||     5
 Stab: Sleeping          |     1 |       |     1 |       |       |       |       |       ||     2
Armor: Robe              |     3 |     8 |     1 |       |       |       |       |       ||    12
       Leather armour    |       |       |       |     3 |       |       |       |       ||     3
       Ring mail         |       |       |       |       |     3 |       |       |       ||     3
       Troll leather arm |       |       |       |       |     8 |    58 |    28 |    17 ||   111
Dodge: Dodged            |     6 |    34 |     9 |    16 |    12 |    44 |    44 |    33 ||   198
Block: Buckler           |       |       |       |       |     4 |       |       |       ||     4
       Tower shield      |       |       |       |       |     9 |    96 |    89 |    49 ||   243
